 Dungeon Crawl Stone Soup version 0.21-a0-401-g0b6bec4 (webtiles) character file.

244 riteheju the Covert (level 5, 0/25 HPs)
             Began as a Spriggan Assassin on Oct 25, 2017.
             Succumbed to a kobold's poison
             ... on level 2 of the Dungeon.
             The game lasted 00:18:30 (4303 turns).

riteheju the Covert (Spriggan Assassin)             Turns: 4303, Time: 00:18:31

Health: 0/25       AC:  3    Str:  7    XL:     5   Next: 83%
Magic:  6/6        EV: 17    Int: 11    God:
Gold:   79         SH:  0    Dex: 16    Spells: 4/4 levels left

rFire    + . .     SeeInvis +   a - +2 dagger
rCold    . . .     Gourm    .   (shield restricted)
rNeg     . . .     Faith    +   c - +0 robe
rPois    .         Spirit   .   (helmet restricted)
rElec    .         Reflect  .   d - +0 cloak
rCorr    +         Harm     .   (gloves unavailable)
MR       .....                  (boots unavailable)
Stlth    ++++......             i - amulet of faith
HPRegen  0.08/turn              s - ring of resist corrosion
MPRegen  0.10/turn              (no ring)

@: lethally poisoned (0 -> -5), very quick
A: unfitting armour, see invisible, clumsy 1, dopey 1, fire resistance 1,
herbivore 3, speed 3, slow metabolism 2
a: no special abilities


You were on level 2 of the Dungeon.
You were completely stuffed.

You visited 1 branch of the dungeon, and saw 3 of its levels.

You collected 79 gold pieces.

Inventory:

Hand Weapons
 a - a +2 dagger (weapon)
 b - a +0 blowgun
Missiles
 e - 7 poisoned needles
 f - 2 curare-tipped needles
 k - 109 stones (quivered)
 m - 26 sling bullets
 n - 41 arrows
 t - 12 tomahawks
 u - 21 bolts
Armour
 c - a +0 robe (worn)
 d - a +0 cloak (worn)
Jewellery
 i - an amulet of faith (around neck)
 s - a ring of resist corrosion (left hand)
Scrolls
 h - a scroll of remove curse
 l - a scroll of teleportation
 p - a scroll of identify
Comestibles
 g - 2 bread rations
 o - 4 fruits


   Skills:
 - Level 1.5 Fighting
 * Level 5.3 Short Blades
 - Level 2.0 Throwing
 - Level 1.5 Dodging
 + Level 8.4 Stealth


You had 4 spell levels left.
You didn't know any spells.

Dungeon Overview and Level Annotations

Branches:
Dungeon (3/15)

Altars:
Cheibriados
Qazlal
Ru


Innate Abilities, Weirdness & Mutations

You are very small and have problems with some larger weapons.
You are too small for most types of armour.
You have supernaturally acute eyesight. (SInv)
You are a herbivore.
You cover ground extremely quickly.
You need consume almost no food.
You are clumsy. (Dex -2)
You are dopey. (Int -2)
Your flesh is heat resistant. (rF+)


Message History

You feel sick.
As you read the scroll labeled ZARIL TOCUONG, it crumbles to dust.
It is a scroll of recharging.
You aren't carrying any rechargeable items.
* * * LOW HITPOINT WARNING * * *
You feel sick.
There is a lethal amount of poison in your body!
You eat one of the 6 fruits.
Mmmm...
Yummy coconut.
* * * LOW HITPOINT WARNING * * *
You feel sick.
You eat the royal jelly.
That royal jelly was delicious!
You eat one of the 5 fruits.
Mmmm...
Yummy peach.
* * * LOW HITPOINT WARNING * * *
You feel sick.
There is a lethal amount of poison in your body!
* * * LOW HITPOINT WARNING * * *
You feel sick.
* * * LOW HITPOINT WARNING * * *
You feel sick.
You die...

#...#....#......#.#
#.###.....#
###.#....#....#.#.#
#.# ##...##
#.#....#....#...#
#.####'''##
#.#....#....##..#
#.........#
#......'.<..##..#
###))...###
########....##..#
#.##### #....##..#
#.# #....##..#
###.#######
#......@>#
#..........
####.#####
#.#.####### #.#
#.#.....# #.#
#.#.#.#.# #.#
#.#.#.#.# #.#
#.#.#.#.# #.#
#.#.#.#.# #.#
#.#.#.#.# #.#
#.#.#.#.#


There were no monsters in sight!

Vanquished Creatures
  The ghost of 4thArraOfDagon the Gusty, a weakling BaAE (D:3)
  A jelly (D:2)
  An orc wizard (D:3)
  3 adders (D:2)
  9 oozes
  2 worms
  5 orcs (D:3)
  3 giant cockroaches
  9 goblins
  7 hobgoblins
  3 jackals (D:3)
  10 kobolds
  A ball python (D:1)
  5 bats
  4 frilled lizards
  6 rats
  7 fungi (D:2)
77 creatures vanquished.

Vanquished Creatures (others)
  An adder (D:3)
  A jackal (D:3)
  9 toadstools (D:2)
11 creatures vanquished.

Grand Total: 88 creatures vanquished

Notes
Turn   | Place    | Note
-------+----------+-------------------------------------------
     0 | D:1      | riteheju the Spriggan Assassin began the quest for the Orb.
     0 | D:1      | Reached XP level 1. HP: 10/10 MP: 2/2
    41 | D:1      | Reached skill level 6 in Stealth
   119 | D:1      | Reached XP level 2. HP: 14/14 MP: 3/3
   122 | D:1      | Found a snail-covered altar of Cheibriados.
   971 | D:1      | Reached skill level 7 in Stealth
  1442 | D:2      | Reached XP level 3. HP: 13/18 MP: 4/4
  1524 | D:2      | Found a snail-covered altar of Cheibriados.
  1618 | D:2      | Found a sacrificial altar of Ru.
  1618 | D:2      | Found a stormy altar of Qazlal.
  1919 | D:2      | Gained mutation: You are dopey. (Int -2) [potion of mutation]
  1919 | D:2      | Gained mutation: You are clumsy. (Dex -2) [potion of mutation]
  1919 | D:2      | Gained mutation: Your flesh is heat resistant. (rF+) [potion of mutation]
  2486 | D:2      | Reached XP level 4. HP: 22/22 MP: 5/5
  2747 | D:2      | Reached skill level 8 in Stealth
  3094 | D:2      | Reached XP level 5. HP: 25/25 MP: 6/6
  3658 | D:3      | Noticed 4thArraOfDagon's ghost (weakling BaAE)
  3893 | D:3      | Killed 4thArraOfDagon's ghost
  3893 | D:3      | Reached skill level 5 in Short Blades
  4299 | D:2      | HP: 1/25 [poisoned by a kobold]
  4303 | D:2      | Succumbed to a kobold's poison

Vault maps used:
D:1:      dpeg_arrival_water_temple_mockup, grunt_decor_clamped,
          nrook_mini_backslash, hangedman_decor_points, minmay_door_square,
          cheibriados_altar_1
D:2:      cheibrodos_fertilizer, gammafunk_temple_overflow_forgotten
D:3:      marbit_many_paths

Skill      XL: |  1  2  3  4  5 |
---------------+----------------+-----
Stealth        | 6 7 8 |  8.4
Short Blades   | 3 4 5 |  5.3
Fighting       | |  1.5
Throwing       | |  2.0
Dodging        | |  1.5

Action                   |  1- 3 |  4- 6 || total
-------------------------+-------+-------++-------
Melee: Dagger            |   131 |   312 ||   443
 Fire: Blowgun           |    10 |       ||    10
Throw: Stone             |    28 |    26 ||    54
  Use: Potion            |     2 |     2 ||     4
       Scroll            |       |     3 ||     3
 Stab: Sleeping          |    11 |     3 ||    14
       Distracted        |       |     3 ||     3
  Eat: Fruit             |       |     2 ||     2
       Bread ration      |       |     1 ||     1
       Royal jelly       |       |     1 ||     1
Armor: Robe              |    21 |     7 ||    28
Dodge: Dodged            |   110 |    96 ||   206

Table legend:
 A = Spawn XP
 B = Non-spawn XP
 C = Spawn XP percentage of total XP
 D = Spawn monster count
 E = Non-spawn monster count
 F = Spawn count percentage of total count
 G = Total turns spent on level
                    A         B        C        D         E        F      G
               +---------+---------+-------+---------+---------+-------+---------
         Total |       0 |     349 |   0.0 |       0 |      71 |   0.0 |  4303
               +---------+---------+-------+---------+---------+-------+---------
           D:1 |       0 |      33 |   0.0 |       0 |      21 |   0.0 |  1417
           D:2 |       0 |     166 |   0.0 |       0 |      31 |   0.0 |  2144
           D:3 |       0 |     150 |   0.0 |       0 |      19 |   0.0 |   742
               +---------+---------+-------+---------+---------+-------+---------
